 Dungeon Crawl Stone Soup version 0.28-a0-429-g1448048969 (webtiles) character file.

Game seed: 16899436735852184480

14273 robertstho the Thaumaturge (level 12, -2/84 HPs)
             Began as a Djinni Fire Elementalist on Sept 10, 2021.
             Was an Initiate of Gozag.
             Slain by a meliai (8 damage)
             ... on level 15 of the Dungeon.
             The game lasted 00:18:52 (14831 turns).

robertstho the Thaumaturge (DjFE)                  Turns: 14831, Time: 00:18:53

Health: -2/84      AC:  4    Str:  7    XL:     12   Next: 43%
Gold:   1544       EV: 14    Int: 23    God:    Gozag SH:  5 Dex: 19

rFire   + + .      SeeInvis .   M - +2 dagger (venom)
rCold   x . .      Faith    .   j - +0 buckler
rNeg    . . .      Spirit   .   a - +0 robe
rPois   ∞          Reflect  .   (no helmet)
rElec   .          Harm     .   n - +0 cloak
rCorr   .          Rampage  .   m - +0 pair of gloves
Will    +....                   (boots unavailable)
Stlth   +++.......              L - amulet of regeneration
HPRegen 1.24/turn               g - +6 ring of dexterity
MPRegen 0.00/turn               (no ring)

@: gold aura, flying
A: sickness immunity, fire resistance 2, cold vulnerability 1, float, innate
caster, hp casting, extra vitality 1
a: Renounce Religion, Potion Petition, Call Merchant, Bribe Branch


You were on level 15 of the Dungeon.
You worshipped Gozag.
Gozag was most pleased with you.
You visited 2 branches of the dungeon, and saw 14 of its levels.

You collected 1645 gold pieces.
You spent 22 gold pieces at shops.
You paid 79 gold pieces to Gozag.

Inventory:

Hand Weapons
 D - a +1 falchion of holy wrath
 M - a +2 dagger of venom (weapon)
Armour
 a - a +0 robe (worn)
 j - a +0 buckler (worn)
 m - a +0 pair of gloves (worn)
 n - a +0 cloak (worn)
Jewellery
 g - a +6 ring of dexterity (left hand)
 G - an amulet of the acrobat
 K - a ring of ice
 L - an amulet of regeneration (around neck)
Wands
 o - a wand of digging (6)
 r - a wand of mindburst (16)
 w - a wand of charming (7)
 y - a wand of iceblast (32)
 C - a wand of polymorph (12)
Scrolls
 c - a scroll of magic mapping
 i - 2 scrolls of enchant weapon
 q - a scroll of identify
 t - a scroll of immolation
 u - a scroll of teleportation
 E - a scroll of summoning
 F - a scroll of holy word
 H - a scroll of brand weapon
Potions
 b - a potion of mutation
 d - 3 potions of curing
 e - a potion of might
 f - 2 potions of degeneration {unknown}
 h - 3 potions of cancellation {unknown}
 k - 2 potions of brilliance {unknown}
 l - a potion of resistance {unknown}
 p - a potion of flight {unknown}
 s - 2 potions of heal wounds {unknown}
 x - a potion of attraction {unknown}
 z - 2 potions of invisibility {unknown}
 A - a potion of berserk rage {unknown}
 B - 2 potions of haste {unknown}
Miscellaneous
 I - a phantom mirror


   Skills:
 * Level 6.6 Fighting
 + Level 1.5 Short Blades
 + Level 4.1 Dodging
 + Level 3.6 Stealth
 + Level 1.9 Shields
 + Level 0.1 Unarmed Combat
 * Level 13.1 Spellcasting


You had 10 spell levels left.
You knew the following spells:

 Your Spells              Type           Power      Damage    Failure   Level
a - Foxfire               Conj/Fire      100%       2x1d9     1%          1
b - Scorch                Fire           100%       2d10      1%          2
c - Conjure Flame         Conj/Fire      66%        6-21      1%          3
d - Inner Flame           Hex/Fire       66%        N/A       1%          3
e - Flame Wave            Conj/Fire      66%        3d12      1%          4
f - Apportation           Tloc           100%       N/A       1%          1
g - Wereblood             Tmut           66%        N/A       1%          2
h - Dazzling Flash        Conj/Hex       100%       N/A       1%          3
i - Summon Ice Beast      Ice/Summ       66%        N/A       1%          4
j - Ice Form              Ice/Tmut       66%        N/A       1%          4
Your spell library was empty.

Dungeon Overview and Level Annotations

Branches:
Dungeon (15/15)            Temple (1/1) D:5            Lair (0/6) D:11
    Orc (0/2) D:9
 Vaults: D:13-14     Depths: D:15

Altars:
Ashenzari
Cheibriados
Dithmenos
Elyvilon
Fedhas
Gozag
Hepliaklqana
Kikubaaqudgha
Makhleb
Nemelex Xobeh
Okawaru
Qazlal
Ru
Sif Muna
Trog
Uskayaw
Vehumet
Wu Jian
Xom
Yredelemnul
Zin
The Shining One
Beogh

Shops:
D:1 *

Annotations:
D:3 3 runed translucent doors, AttackTheMoon's ghost, amateur FoFi; Shayle's ghost, amateur DjWr


Innate Abilities, Weirdness & Mutations

You are immune to sickness and miasma.
You are immune to poison.
Your flesh is very heat resistant. (rF++)
You are vulnerable to cold. (rC-)
You float through the air rather than walking.
You learn spells naturally, not from books.
Your magical power is your life essence.
You have superior vitality. (+4 HP)


Message History

The deep elf pyromancer casts a spell.
The meliai misses you. The meliai stings you.
The meliai buzzes angrily. x2
Casting: Flame Wave (safe; 1% risk of failure)
Confirm with . or Enter, or press ? or * to list all spells.
Casting: Flame Wave (safe; 1% risk of failure)
Press: ? - help, Dir - look around, f - activate A wave of flame ripples out!
The flame wave engulfs the meliai!
The meliai is severely wounded.
The flame wave engulfs the deep elf pyromancer!
The deep elf pyromancer is lightly wounded. (Press . to intensify the flame waves.)
The meliai hits you with a +4 war axe! You block the meliai's attack.
The meliai calls upon its god to heal the meliai.
The meliai is healed somewhat.
The deep elf pyromancer hits you with a +0 long sword.
The meliai hits you with a +4 war axe! The meliai stings you!
You block the meliai's attack. The meliai barely misses you.
A wave of flame ripples out!
The flame wave engulfs the meliai!!
You kill the meliai!
The flame wave engulfs the meliai.
The meliai is moderately wounded.
The flame wave engulfs the deep elf pyromancer!!
The deep elf pyromancer is almost dead.
The flame wave engulfs the meliai!
The meliai is heavily wounded.
* * * LOW HITPOINT WARNING * * *
The meliai barely misses you. You block the meliai's attack.
The meliai completely misses you. The meliai stings you!
* * * LOW HITPOINT WARNING * * *
The deep elf pyromancer mumbles some strange words.
The deep elf pyromancer blinks!
The deep elf pyromancer hits you but does no damage.
The meliai hits you with a +0 war axe.
* * * LOW HITPOINT WARNING * * *
The meliai stings you!
* * * LOW HITPOINT WARNING * * *
The meliai hits you with a +0 war axe!
You die...
Your body crumbles into a pile of gold.

... .... ..§..
..... ...e.######
..........#
#..[$y..# #.e@..#
#.y...# +.....#
#.....# #####.
#.....# .....
#.....### #...#
#......(# #...#
####.......#
#...#+#..........#


You could see 2 deep elf pyromancers and 2 meliai.

Vanquished Creatures
  Fannar (D:10)
  A two-headed ogre (D:8)
  A tengu warrior (D:15)
  A cyclops (D:11)
  A manticore (D:14)
  Maurice (D:10)
  A gargoyle (D:11)
  Psyche (D:10)
  An unseen horror (D:9)
  A freezing wraith (D:15)
  A komodo dragon (D:10)
  A troll (D:10)
  A meliai (D:15)
  A hornet (D:9)
  3 wyverns (D:11)
  A wraith (D:11)
  19 yaks
  3 basilisks (D:11)
  3 steam dragons
  Grum (D:8)
  4 water moccasins
  An ice beast (D:5)
  4 orc warriors
  A necrophage (D:5)
  4 ogres
  3 wolves (D:8)
  4 centaurs
  A bullfrog (D:8)
  A kobold brigand (D:7)
  2 water moccasin zombies
  4 scorpions
  A gnoll sergeant (D:9)
  A wyvern skeleton (D:5)
  4 killer bees (D:9)
  A jelly (D:5)
  12 wights
  A howler monkey (D:7)
  5 centaur zombies
  2 bullfrog zombies (D:5)
  9 hounds
  A gnoll shaman (D:7)
  5 orc priests
  A bullfrog skeleton (D:5)
  2 iguanas
  Jessica (D:2)
  4 orc wizards
  A scorpion zombie (D:5)
  A killer bee zombie (D:7)
  A howler monkey zombie (D:9)
  Robin (D:2)
  3 howler monkey skeletons (D:6)
  8 gnolls
  6 adders
  2 white imps
  2 ufetubi
  An adder zombie (D:5)
  A worm (D:2)
  A dart slug (D:1)
  18 orcs
  7 ball pythons
  3 bats
  4 endoplasms
  5 giant cockroaches
  10 goblins
  9 hobgoblins
  3 jackals (D:2)
  5 quokkas
  3 frilled lizards (D:3)
  8 kobolds
  A rat (D:1)
  2 butterflies
229 creatures vanquished.

Vanquished Creatures (collateral kills)
  A hydra (D:10)
  21 foxfires
22 creatures vanquished.

Vanquished Creatures (others)
  772 foxfires
  A fungus (D:11)
  26 plants
799 creatures vanquished.

Grand Total: 1050 creatures vanquished

Notes
Turn   | Place    | Note
-------+----------+-------------------------------------------
     0 | D:1      | robertstho the Djinni Fire Elementalist began the quest for
                  | the Orb.
     0 | D:1      | Reached XP level 1. HP: 15/15 MP: 0/0
   272 | D:1      | Reached XP level 2. HP: 13/21 MP: 0/0
   974 | D:1      | Reached skill level 3 in Spellcasting
  1263 | D:1      | Reached XP level 3. HP: 24/26 MP: 0/0
  1263 | D:1      | Learned a level 1 spell: Apportation
  1346 | D:1      | Reached skill level 1 in Fighting
  1513 | D:1      | Found Xechafee's General Store.
  1522 | D:1      | Bought a scroll of identify for 22 gold pieces
  1651 | D:2      | Noticed Robin
  1653 | D:2      | Killed Robin
  1789 | D:2      | Reached XP level 4. HP: 26/32 MP: 0/0
  2157 | D:2      | Noticed Jessica
  2162 | D:2      | Killed Jessica
  2303 | D:2      | Reached XP level 5. HP: 13/38 MP: 0/0
  2303 | D:2      | Learned a level 2 spell: Wereblood
  2992 | D:3      | Reached skill level 4 in Spellcasting
  3009 | D:3      | Reached XP level 6. HP: 6/43 MP: 0/0
  3839 | D:3      | Found a blossoming altar of Fedhas.
  3958 | D:3      | Found a runed translucent gate.
  3958 | D:3      | Found a runed translucent gate.
  3960 | D:3      | Noticed Shayle's ghost (amateur DjWr)
  3961 | D:3      | Found a runed translucent gate.
  3961 | D:3      | Noticed Shayle's ghost (amateur DjWr)
  3961 | D:3      | Noticed AttackTheMoon's ghost (amateur FoFi)
  3961 | D:3      | Noticed Shayle's ghost (amateur DjWr)
  4529 | D:4      | Found a broken altar of Ashenzari.
  4665 | D:4      | Reached XP level 7. HP: 46/49 MP: 0/0
  4665 | D:4      | Learned a level 3 spell: Dazzling Flash
  4746 | D:4      | Reached skill level 5 in Spellcasting
  4888 | D:4      | Found a burning altar of Makhleb.
  5356 | D:5      | Entered Level 5 of the Dungeon
  5406 | D:5      | Noticed a water moccasin
  5409 | D:5      | Killed a water moccasin
  5410 | D:5      | Reached skill level 1 in Short Blades
  5566 | D:5      | Reached XP level 8. HP: 52/56 MP: 0/0
  5571 | D:5      | Reached skill level 6 in Spellcasting
  6138 | D:5      | Reached skill level 7 in Spellcasting
  6588 | D:5      | Found a hide-covered altar of Uskayaw.
  6663 | D:5      | Found a staircase to the Ecumenical Temple.
  6714 | Temple   | Entered the Ecumenical Temple
  7070 | D:6      | Reached XP level 9. HP: 55/61 MP: 0/0
  7070 | D:6      | Learned a level 4 spell: Summon Ice Beast
  7424 | D:6      | Reached skill level 1 in Shields
  7913 | D:6      | Reached skill level 8 in Spellcasting
  8129 | D:7      | Found an iron altar of Okawaru.
  8691 | D:7      | Found a glowing golden altar of the Shining One.
  8692 | D:7      | Found a snail-covered altar of Cheibriados.
  8692 | D:7      | Found a stormy altar of Qazlal.
  8695 | D:7      | Found a sparkling altar of Nemelex Xobeh.
  8695 | D:7      | Found an opulent altar of Gozag.
  8707 | D:7      | Became a worshipper of Gozag Ym Sagoz the Greedy
  9116 | D:8      | Noticed a two-headed ogre
  9123 | D:8      | Killed a two-headed ogre
  9124 | D:8      | Reached skill level 5 in Fighting
  9124 | D:8      | Reached skill level 9 in Spellcasting
  9124 | D:8      | Reached XP level 10. HP: 33/70 MP: 0/0
  9896 | D:8      | Noticed Grum
  9906 | D:8      | Killed Grum
 10075 | D:8      | Reached skill level 10 in Spellcasting
 10991 | D:9      | Killed an unseen horror
 11157 | D:9      | Found a staircase to the Orcish Mines.
 11210 | D:9      | Reached XP level 11. HP: 44/76 MP: 0/0
 11210 | D:9      | Learned a level 4 spell: Ice Form
 11773 | D:9      | Reached skill level 11 in Spellcasting
 12478 | D:10     | Entered Level 10 of the Dungeon
 12690 | D:10     | Noticed Fannar
 12693 | D:10     | Noticed a five-headed hydra
 12695 | D:10     | Killed Fannar
 12708 | D:10     | Killed a five-headed hydra
 13077 | D:10     | Noticed Psyche
 13081 | D:10     | Killed Psyche
 13082 | D:10     | Reached skill level 12 in Spellcasting
 13474 | D:10     | Noticed Maurice
 13486 | D:10     | Killed Maurice
 14170 | D:11     | Noticed a cyclops
 14176 | D:11     | Reached XP level 12. HP: 24/83 MP: 0/0
 14232 | D:11     | Found an iron altar of Okawaru.
 14419 | D:11     | Found a staircase to the Lair.
 14560 | D:11     | You are sucked into a shaft and drop 3 floors!
 14603 | D:14     | Noticed a boulder beetle
 14625 | D:15     | Entered Level 15 of the Dungeon
 14640 | D:15     | Reached skill level 13 in Spellcasting
 14693 | D:15     | Noticed a tengu warrior
 14707 | D:15     | Killed a tengu warrior
 14760 | D:15     | Noticed a boulder beetle
 14831 | D:15     | Slain by a meliai

Illustrated notes

Levels and vault maps discovered:
D:1:      wander_arrival_desolate, layout_loops_ring, serial_shops,
          nicolae_shop_waterfront, serial_forest, infiniplex_forest_straight_2,
          infiniplex_forest_lined_4_way, infiniplex_forest_clump_long,
          infiniplex_forest_lined_corner, infiniplex_forest_clump_tiny,
          infiniplex_forest_corner_1, infiniplex_forest_clump_tiny,
          serial_bayou_lagoon_a
D:2:      layout_loops_ring, kennysheep_generic_room_9, uniq_robin, uniq_jessica
D:3:      layout_loops_ring, fedhas_altar_fruit_tree, gammafunk_ghost_cemetery
D:4:      layout_gridville, nicolae_sif_muna_little_library,
          nicolae_overflow_hidden_temple, ashenzari_altar_1,
          chequers_serial_rivers_micro_c, grunt_ministairs_7
D:5:      layout_basic, kennysheep_mini, minmay_temple_entry_butterflies
D:6:      layout_loops_ring, mainiacjoe_overflow_boulevard,
          kennysheep_little_box, minivault_19
D:7:      layout_basic, mainiacjoe_overflow_small_starburst,
          grunt_temple_overflow_open, worms_lemuel
D:8:      layout_basic, uniq_grum
D:9:      layout_stronghold, minmay_orc_entry_temple_small
D:10:     layout_basic, uniq_maurice, uniq_psyche, uniq_fannar
D:11:     layout_gridville, minmay_lair_entry_grove, kennysheep_pointless_box,
          okawaru_trees_1
D:14:     layout_gridville, kennysheep_path_1
D:15:     grunt_enter_depths_snipers, layout_irregular_city, nicolae_wwwww,
          grunt_dithmenos_shadows
Temple:   compressed_dpeg_triangle_lava_temple

Skill      XL: |  1  2  3  4  5  6  7  8  9 10 11 12 |
---------------+-------------------------------------+-----
Spellcasting   | 3 4 5 7 9 10 12 13 | 13.1
Fighting       | 1 2 3 5 6 |  6.6
Stealth        | 2 3 |  3.6
Short Blades   | 1 |  1.5
Dodging        | 3 4 |  4.1
Shields        | 1 |  1.9
Unarmed Combat | |  0.1

Action                   |  1- 3 |  4- 6 |  7- 9 | 10-12 || total
-------------------------+-------+-------+-------+-------++-------
Melee: Unarmed           |     2 |       |       |       ||     2
       Dagger            |     8 |    42 |     5 |     6 ||    61
 Cast: Foxfire           |    63 |    24 |   175 |   199 ||   461
       Scorch            |    10 |    26 |    64 |    86 ||   186
       Flame Wave        |       |       |     1 |    22 ||    23
       Summon Ice Beast  |       |       |       |     5 ||     5
  Use: Scroll            |     2 |     3 |     3 |     9 ||    17
       Potion            |       |       |       |     2 ||     2
 Stab: Sleeping          |       |     1 |       |       ||     1
Armor: Robe              |     3 |    15 |     8 |    12 ||    38
Dodge: Dodged            |     9 |    34 |    25 |    56 ||   124
Block: Buckler           |       |     4 |     3 |    23 ||    30

Table legend: (Time is in decaauts)
 A = Elapsed time spent in this place.
 B = Non-inter-level travel time spent in this place.
 C = Inter-level travel time spent in this place.
 D = Time resting spent in this place.
 E = Time spent auto-exploring this place.
 F = Levels seen in this place.
 G = Mean time per level.
                   A        B        C        D        E       F      G
               +--------+--------+--------+--------+--------+-----+--------+
         Total |  14836 |  14476 |    360 |    706 |  12103 |  14 | 1059.7 |
       Dungeon |  14529 |  14195 |    334 |    706 |  11850 |  13 | 1117.6 |
        Temple |    306 |    281 |     25 |      0 |    253 |   1 |  306.0 |
               +--------+--------+--------+--------+--------+-----+--------+

Top non-repeatable levels by time:
     D:9: 1955 daAuts
     D:1: 1698 daAuts
    D:10: 1633 daAuts
     D:2: 1533 daAuts
     D:8: 1512 daAuts
     D:5: 1388 daAuts
     D:4: 1103 daAuts
     D:3: 1024 daAuts
     D:6: 988 daAuts
     D:7: 970 daAuts
    D:11: 447 daAuts
  Temple: 306 daAuts
    D:15: 208 daAuts
    D:14: 64 daAuts
